 Dungeon Crawl Stone Soup version 0.26-a0-611-g354ed81502 (webtiles) character file.

Game seed: 11633979328740937900

1356 Krehm the Shield-Bearer (level 8, -4/62 HPs)
             Began as a Merfolk Venom Mage on Sept 7, 2020.
             Was a Believer of Qazlal.
             Slain by a two-headed ogre
             ... wielding a +0 dire flail
              (9 damage)
             ... on level 7 of the Dungeon.
             The game lasted 00:34:39 (8912 turns).

Krehm the Shield-Bearer (Merfolk Venom Mage)        Turns: 8912, Time: 00:34:40

Health: -4/62      AC:  6    Str:  9    XL:     8   Next: 64%
Magic:  13/13      EV:  7    Int: 16    God:    Qazlal [**....]
Gold:   245        SH: 16    Dex: 14    Spells: 5/13 levels left

rFire    . . .     SeeInvis .   m - +1 war axe (vamp)
rCold    . . .     Faith    .   r - +0 tower shield
rNeg     . . .     Spirit   .   a - +0 ring mail
rPois    .         Reflect  .   (no helmet)
rElec    .         Harm     .   o - +0 cloak
rCorr    .                      (no gloves)
MR       .....                  (no boots)
Stlth    +.........             (no amulet)
HPRegen  0.20/turn              (no ring)
MPRegen  0.13/turn              (no ring)

@: no status effects
A: change form in water, swift swim, stealthy swim
a: Upheaval, Renounce Religion


You were on level 7 of the Dungeon.
You worshipped Qazlal.
Qazlal was pleased with you.
You visited 1 branch of the dungeon, and saw 7 of its levels.

You collected 506 gold pieces.
You spent 261 gold pieces at shops.

Inventory:

Hand Weapons
 m - a +1 vampiric war axe (weapon)
Missiles
 e - 5 javelins
 k - 22 poisoned darts (quivered)
Armour
 a - a +0 ring mail (worn)
 o - a +0 cloak (worn)
 r - a +0 tower shield (worn)
 A - the cursed +0 scale mail of Ecorinec {+Fly Str+4 Int+2 Dex+3}
   (You bought it in a shop on level 5 of the Dungeon)

   It affects your strength (+4).
   It affects your intelligence (+2).
   It affects your dexterity (+3).
   It lets you fly.
   It has a curse placed upon it.
Jewellery
 p - an uncursed ring of ice
Wands
 j - a wand of paralysis (4)
 s - a wand of random effects (12)
 w - a wand of digging (6)
Scrolls
 b - 3 scrolls of teleportation
 c - 2 scrolls of identify
 d - 3 scrolls of fear {unknown}
 f - 2 scrolls of noise {unknown}
 g - a scroll of amnesia {unknown}
 h - 4 scrolls of enchant weapon {unknown}
 n - 4 scrolls of remove curse {unknown}
 t - 2 scrolls of magic mapping {unknown}
 u - a scroll of random uselessness {unknown}
 y - 3 scrolls of immolation {unknown}
 z - 2 scrolls of blinking {unknown}
Potions
 i - a potion of berserk rage
 l - 3 potions of lignification
 q - 3 potions of curing
 v - 2 potions of might
 x - a potion of resistance
 B - a potion of mutation {unknown}


   Skills:
 + Level 5.2 Fighting
 - Level 2.6 Dodging
 - Level 2.1 Stealth
 * Level 5.7 Shields
 - Level 3.4 Spellcasting
 - Level 1.8 Conjurations
 - Level 2.1 Transmutations
 - Level 1.7 Air Magic
 - Level 4.6 Poison Magic
 - Level 3.2 Invocations


You had 5 spell levels left.
You knew the following spells:

 Your Spells              Type           Power        Failure   Level
a - Sting                 Tmut/Pois      ##..         83%         1
b - Mephitic Cloud        Conj/Pois/Air  ##......     99%         3
c - Olgreb's Toxic Radia  Pois           ###.....     100%        4

Your spell library contained the following spells:

 Spells                   Type           Power        Failure   Level
 Poisonous Vapours        Pois/Air       ##....       94%         2
 Ignite Poison            Fire/Tmut/Pois ##......     100%        3


Dungeon Overview and Level Annotations

Branches:
Dungeon (7/15)
 Temple: D:4-7

Altars:
Ashenzari
Elyvilon
Gozag
Hepliaklqana
Okawaru
Qazlal
Ru
Uskayaw
Zin
The Shining One

Shops:
D:5 [?

Annotations:
D:4 2 transporters, exclusion: downstairs, Shaidar's ghost, novice MiBe


Message History

The two-headed ogre is heavily wounded.
You block the two-headed ogre's attack. x2
You slash the two-headed ogre!
The two-headed ogre is severely wounded.
The two-headed ogre barely misses you. You block the two-headed ogre's attack.
You slash the two-headed ogre!
The two-headed ogre is almost dead.
The two-headed ogre looks more healthy.
You block the two-headed ogre's attack. x2
The two-headed ogre hits you with a +0 dire flail!
The two-headed ogre hits you with a cursed -1 giant club!!
You hit the two-headed ogre.
You feel better.
The two-headed ogre is almost dead.
The two-headed ogre completely misses you.
The two-headed ogre hits you with a cursed -1 giant club!
You hit the two-headed ogre.
You feel better.
The two-headed ogre is almost dead.
The two-headed ogre hits you with a +0 dire flail!
* * * LOW HITPOINT WARNING * * *
The two-headed ogre hits you with a cursed -1 giant club!
You die...

#.....#..##.(#########..#######.
#.....#..###(####.#########.####
#....##.(##.....................
#....##†.##.........(...........
#...............<....[..........
#...........[(..................
#........##...###...###.########
#........##..(###...###'######..
#....##..##...O@................
#....######.....................
#..... #......................
#.... #...^##.....########+##
##...##.....# #...##......'
#............#. #............#
..##.....##


You could see a two-headed ogre.

Vanquished Creatures
  Sigmund (D:5)
  A sky beast (D:6)
  An ogre (D:7)
  2 centaurs
  A water moccasin zombie (D:6)
  2 scorpions
  A howler monkey (D:4)
  A centaur zombie (D:5)
  2 orc priests
  2 hounds
  Natasha (thrice) (D:3)
  5 worker ants
  2 howler monkey skeletons
  14 adders
  3 gnolls (D:3)
  A shadow imp (D:6)
  2 white imps
  An adder skeleton (D:4)
  3 worms
  2 dart slugs (D:2)
  4 leopard geckos
  12 orcs
  2 ball pythons
  14 bats
  6 giant cockroaches
  5 goblins
  11 hobgoblins
  3 jackals (D:4)
  5 quokkas
  4 frilled lizards
  14 kobolds
  A leopard gecko skeleton (D:6)
  A quokka skeleton (D:5)
  A quokka zombie (D:6)
  8 rats
141 creatures vanquished.

Notes
Turn   | Place    | Note
-------+----------+-------------------------------------------
     0 | D:1      | Krehm the Merfolk Venom Mage began the quest for the Orb.
     0 | D:1      | Reached XP level 1. HP: 13/13 MP: 3/3
   409 | D:1      | Reached XP level 2. HP: 19/19 MP: 3/5
  1114 | D:1      | Reached XP level 3. HP: 25/25 MP: 4/6
  1138 | D:1      | Learned a level 3 spell: Mephitic Cloud
  1740 | D:2      | Reached skill level 1 in Fighting
  1894 | D:2      | Found a stormy altar of Qazlal.
  1895 | D:2      | Noticed a fire elemental
  1897 | D:2      | Noticed an air elemental
  1897 | D:2      | Noticed an earth elemental
  1897 | D:2      | Noticed a water elemental
  1948 | D:2      | Became a worshipper of Qazlal Stormbringer
  2072 | D:2      | Reached XP level 4. HP: 29/32 MP: 5/7
  2111 | D:2      | Learned a level 4 spell: Olgreb's Toxic Radiance
  2438 | D:2      | Reached skill level 1 in Conjurations
  2768 | D:3      | Reached XP level 5. HP: 31/37 MP: 9/9
  2808 | D:3      | Reached skill level 1 in Air Magic
  2903 | D:3      | Reached * piety under Qazlal
  3509 | D:3      | Noticed Natasha
  3522 | D:3      | Killed Natasha
  3522 | D:3      | Reached XP level 6. HP: 16/44 MP: 7/10
  4007 | D:3      | Noticed Natasha
  4016 | D:3      | Killed Natasha
  4037 | D:3      | Reached ** piety under Qazlal
  4647 | D:3      | Noticed Natasha
  4653 | D:3      | Killed Natasha
  4998 | D:4      | Found a hazy altar of Hepliaklqana.
  5126 | D:4      | Found a transporter.
  5129 | D:4      | Noticed Shaidar's ghost (novice MiBe)
  5169 | D:4      | Reached skill level 1 in Shields
  5171 | D:4      | Found a transporter.
  5332 | D:4      | Reached skill level 1 in Invocations
  5332 | D:4      | Reached XP level 7. HP: 28/52 MP: 12/12
  5519 | D:4      | Found a white marble altar of Elyvilon.
  6480 | D:5      | Entered Level 5 of the Dungeon
  6517 | D:5      | Noticed Sigmund
  6739 | D:5      | Killed Sigmund
  7008 | D:5      | Found Ruxkonank's Antique Armour Shop.
  7097 | D:5      | Found a hide-covered altar of Uskayaw.
  7103 | D:5      | Found a sacrificial altar of Ru.
  7105 | D:5      | Found a glowing silver altar of Zin.
  7106 | D:5      | Found a glowing golden altar of the Shining One.
  7142 | D:5      | Found an iron altar of Okawaru.
  7337 | D:5      | Reached XP level 8. HP: 54/60 MP: 13/13
  7553 | D:5      | Found Kuevent's Magic Scroll Emporium.
  7764 | D:5      | Bought a distressingly furry scale mail for 261 gold pieces
  7768 | D:5      | Identified the cursed +0 scale mail of Ecorinec {+Fly Str+4
                  | Int+2 Dex+3} (You bought it in a shop on level 5 of the
                  | Dungeon)
  7896 | D:6      | Reached skill level 5 in Shields
  8042 | D:6      | Found an opulent altar of Gozag.
  8093 | D:6      | Found a shattered altar of Ashenzari.
  8406 | D:7      | Reached skill level 5 in Fighting
  8572 | D:7      | Noticed a two-headed ogre
  8912 | D:7      | Slain by a two-headed ogre

Illustrated notes

Levels and vault maps discovered:
D:1:      nicolae_arrival_washed_ashore, layout_basic, st_stairs_12,
          grunt_decor_arrowhead
D:2:      minmay_recursive_quarters, layout_loops_ring,
          nicolae_qazlal_style_of_elements
D:3:      minmay_chambers_of_twos, layout_basic, uniq_natasha
D:4:      layout_loops_ring, kennysheep_mini, lemuel_crystal_altar,
          nicolae_overflow_hidden_temple, gammafunk_ghost_smash
D:5:      layout_gridville, minitemple, basic_altar, serial_shops, shop, shop,
          uniq_sigmund
D:6:      layout_rooms, cheibrodos_ashenzari_chains, grunt_decor_one_mirror,
          minivault_27, nicolae_gozag_seed_capital
D:7:      layout_gridville, minmay_temple_entry_stoned_glass

Skill      XL: |  1  2  3  4  5  6  7  8 |
---------------+-------------------------+-----
Transmutations | 2 |  2.1
Fighting       | 1 2 3 4 5 |  5.2
Poison Magic   | 4 |  4.6
Conjurations   | 1 |  1.8
Air Magic      | 1 |  1.7
Spellcasting   | 3 |  3.4
Shields        | 1 4 5 |  5.7
Invocations    | 1 3 |  3.2
Dodging        | |  2.6
Stealth        | |  2.1

Action                   |  1- 3 |  4- 6 |  7- 9 || total
-------------------------+-------+-------+-------++-------
Melee: Unarmed           |     2 |       |       ||     2
       Short sword       |     1 |       |       ||     1
       Dagger            |    36 |       |       ||    36
       War axe           |    18 |   214 |   155 ||   387
Throw: Dart              |       |       |    28 ||    28
 Cast: Sting             |    50 |    49 |       ||    99
  Use: Scroll            |     2 |     2 |     3 ||     7
 Stab: Sleeping          |     3 |       |       ||     3
Armor: Robe              |     1 |       |       ||     1
       Leather armour    |    14 |    52 |       ||    66
       Ring mail         |       |    17 |    32 ||    49
Dodge: Dodged            |    46 |   136 |    36 ||   218
Block: Other             |       |    11 |       ||    11
       Tower shield      |       |    35 |   131 ||   166

Table legend: (Time is in decaauts)
 A = Elapsed time spent in this place.
 B = Non-inter-level travel time spent in this place.
 C = Inter-level travel time spent in this place.
 D = Time resting spent in this place.
 E = Time spent auto-exploring this place.
 F = Levels seen in this place.
 G = Mean time per level.
                   A        B        C        D        E       F      G
               +--------+--------+--------+--------+--------+-----+--------+
         Total |   9147 |   8888 |    259 |   3119 |   3769 |   7 | 1306.7 |
       Dungeon |   9147 |   8888 |    259 |   3119 |   3769 |   7 | 1306.7 |
               +--------+--------+--------+--------+--------+-----+--------+

Top non-repeatable levels by time:
     D:3: 2158 daAuts
     D:4: 1907 daAuts
     D:2: 1503 daAuts
     D:1: 1279 daAuts
     D:5: 1128 daAuts
     D:6: 684 daAuts
     D:7: 486 daAuts
